 Dungeon Crawl Stone Soup version 0.19-a0-1206-g6bcb79c (webtiles) character file.

5632 inmateoo the Martial Artist (level 10, -4/72 HPs)
             Began as an Octopode Assassin on Aug 21, 2016.
             Was a High Priest of Cheibriados.
             Slain by a hill giant
             ... wielding a +0 giant club
              (18 damage)
             ... on level 10 of the Dungeon.
             The game lasted 00:15:17 (10269 turns).

inmateoo the Martial Artist (Octopode Assassin)    Turns: 10269, Time: 00:15:18

Health: -4/72      AC:  1    Str: 30    XL:     10   Next: 74%
Magic:  13/13      EV: 19    Int: 28    God:    Cheibriados [*****.]
Gold:   449        SH:  0    Dex: 29    Spells: 0 memorised, 14 levels left

rFire  + . .     SeeInvis +       - Unarmed
rCold  . . .     Gourm    .     (no shield)
rNeg   + . .     Faith    .     (helmet restricted)
rPois  .         Spirit   .     (no amulet)
rElec  .         Dismiss  .     o - +2 ring of intelligence
rCorr  .         Reflect  .     s - ring of see invisible
MR     .....     Harm     .     e - ring of flight
Stlth  +++++++...               L - ring of positive energy
                                (no ring)
                                (no ring)
                                (no ring)
                                (no ring)

@: mighty, very slow
A: almost no armour, amphibious, 8 rings, constrict 8, camouflage 2, blurry
vision 1, fire resistance 1, gelatinous body 1, subdued magic 1
a: Bend Time, Temporal Distortion, Slouch, Step From Time, Renounce Religion,
Evoke Flight


You were on level 10 of the Dungeon.
You worshipped Cheibriados.
Cheibriados was extremely pleased with you.
You were not hungry.

You visited 1 branch of the dungeon, and saw 10 of its levels.
You also visited: Sewer.

You collected 449 gold pieces.

Inventory:

Hand Weapons
 a - a +3 dagger
 b - a +0 blowgun
 t - a +0 short sword of venom
 I - the +4 Vampire's Tooth {vamp}
   (You found it on level 6 of the Dungeon)

   It inflicts no extra harm, but heals its wielder somewhat when it strikes a
   living foe.
 M - the +9 trident of Sifog {pierce, rN+ Str+3 Int-2 Dex+3}
   (You found it on level 10 of the Dungeon)

   It inflicts extra damage upon your enemies.
   It affects your strength (+3).
   It affects your intelligence (-2).
   It affects your dexterity (+3).
   It protects you from negative energy.
Missiles
 c - 60 poisoned needles
 d - a curare-tipped needle
 r - a throwing net (quivered)
Jewellery
 e - a ring of flight (on tentacle)
 o - a +2 ring of intelligence (left tentacle)
 s - a ring of see invisible (right tentacle)
 L - a ring of positive energy (on tentacle)
Wands
 i - a wand of teleportation (8/9)
 C - a wand of polymorph (22/24)
Scrolls
 p - 2 scrolls of recharging
 q - a scroll of blinking
 u - a scroll of fog
 v - 2 scrolls of magic mapping
 y - 2 scrolls of enchant weapon
 F - a scroll of amnesia
 K - a scroll of remove curse
 N - a scroll of immolation
Potions
 h - 3 potions of agility {unknown}
 k - a potion of berserk rage
 n - 5 potions of cancellation
 w - 2 potions of ambrosia
 x - a potion of brilliance
 z - 2 potions of curing
 A - 3 potions of heal wounds
 B - 2 potions of magic
 D - 4 potions of flight
 E - 4 potions of invisibility {unknown}
 G - 2 potions of mutation {unknown}
 J - a potion of resistance {unknown}
Miscellaneous
 j - a fan of gales
Comestibles
 f - 8 bread rations
 g - a slice of pizza
 l - a beef jerky
 H - 2 meat rations


   Skills:
 + Level 7.9 Fighting
 - Level 5.2 Short Blades
 - Level 2.2 Throwing
 + Level 5.6 Dodging
 - Level 7.1 Stealth
 + Level 9.3 Unarmed Combat
 + Level 2.5 Spellcasting
 + Level 5.1 Invocations


You had 14 spell levels left.
You didn't know any spells.

Dungeon Overview and Level Annotations

Branches:
Dungeon (10/15)            Temple (0/1) D:6            Lair (0/6) D:8
    Orc: D:9-12

Altars:
Cheibriados
Dithmenos
Fedhas
Gozag
Sif Muna
Trog
Vehumet
Xom

Shops:
D:4 }

Annotations:
D:4 inmateoo's ghost, amateur DsVM


Innate Abilities, Weirdness & Mutations

You cannot wear most types of armour.
You are amphibious.
You can wear up to eight rings at the same time.
You can use your tentacles to constrict eight enemies at once.
Your skin blends seamlessly with your surroundings (Stealth++).
Your rubbery body absorbs attacks. (AC +1, EV +1)
Scrolls take you a little longer to read.
Your flesh is heat resistant. (rF+)
Your spells are a little easier to cast, but a little less powerful.


Message History

You impale the troll!!
You kill the troll!
Cheibriados appreciates the change of pace.
The hill giant hits you with a giant club!!!
Ouch! That really hurt!
* * * LOW HITPOINT WARNING * * *
You are too injured to fight recklessly!
You are too injured to fight recklessly!
Attack whom?
Press: ? - help, Dir - move target cursor, f - hill giant
Aim: a hill giant, wielding a giant club
Okay, then.
Wield which item (- for none, * to show all)? (? for menu, Esc to quit)
You are now empty-tentacled.
Unknown command.
You batter the hill giant!!
Your tentacle-slap misses the hill giant.
The hill giant is heavily wounded.
The hill giant hits you with a giant club!!
You die...

##########
#.........# #####
#.........# ....(.
#.........###......
###.........#l'.l....
......^....#C#
#.........@.#
#.........###
#.........#
#.........#
#.........#
###...##### ###
###...## ..# #......#
..# #......#


You could see a hill giant and an iguana.

Vanquished Creatures
  The ghost of amanita the Slicer, a novice VSFi of Uskayaw (D:8)
  A troll (D:10)
  4 yaks
  A wyvern (D:8)
  A steam dragon (D:9)
  2 hippogriffs
  An ice beast (D:3)
  3 orc warriors (D:8)
  A sky beast (D:7)
  Purgy (Sewer)
  A phantom (D:3)
  2 centaurs (D:9)
  5 ogres
  A big kobold (D:8)
  A wyvern zombie (D:7)
  6 giant frogs
  A water moccasin zombie (D:8)
  3 scorpions
  12 wights
  2 vampire bats (D:6)
  7 crimson imps
  A wasp zombie (D:8)
  A giant frog zombie (D:8)
  2 jellies
  A hound (D:7)
  4 orc priests
  A giant frog skeleton (D:8)
  Natasha (thrice) (D:2)
  9 orc wizards
  5 worker ants
  3 hound zombies
  2 hound skeletons
  A worker ant zombie (D:7)
  A howler monkey zombie (D:7)
  12 adders
  3 gnolls (D:8)
  4 river rats (D:8)
  A shadow imp (D:3)
  6 oozes
  An adder skeleton (D:4)
  5 worms
  4 dart slugs
  9 giant geckos
  36 orcs
  10 giant cockroaches
  4 goblins
  9 hobgoblins
  10 jackals
  7 quokkas
  4 ball pythons
  20 bats
  A giant gecko skeleton (D:7)
  2 giant newts
  A jackal zombie (D:6)
  15 kobolds
  A quokka skeleton (D:4)
  A quokka zombie (D:5)
  20 rats
277 creatures vanquished.

Vanquished Creatures (others)
  7 fungi (D:8)
7 creatures vanquished.

Grand Total: 284 creatures vanquished

Notes
Turn   | Place    | Note
-------+----------+-------------------------------------------
     0 | D:1      | inmateoo the Octopode Assassin began the quest for the Orb.
     0 | D:1      | Reached XP level 1. HP: 14/14 MP: 1/1
     0 | D:1      | Noticed a jelly
     1 | D:1      | Found a runed door.
   143 | D:1      | Reached XP level 2. HP: 19/19 MP: 2/2
   449 | D:1      | Reached XP level 3. HP: 22/25 MP: 3/3
   637 | D:2      | Noticed Natasha
   656 | D:2      | Killed Natasha
   656 | D:2      | Reached XP level 4. HP: 30/30 MP: 4/4
   699 | D:2      | Noticed Natasha
   709 | D:2      | Killed Natasha
   759 | D:2      | Noticed Natasha
   765 | D:2      | Killed Natasha
   905 | D:2      | Reached XP level 5. HP: 34/36 MP: 5/5
  1829 | D:3      | Noticed an ice beast
  1994 | D:3      | Reached XP level 6. HP: 28/42 MP: 6/6
  2207 | D:3      | Noticed a phantom
  2217 | D:3      | Killed a phantom
  2520 | D:3      | Killed an ice beast
  2520 | D:3      | Reached XP level 7. HP: 47/47 MP: 7/7
  2963 | D:4      | Reached skill level 5 in Short Blades
  2985 | D:4      | Noticed inmateoo's ghost (amateur DsVM)
  3160 | D:5      | Entered Level 5 of the Dungeon
  3190 | D:5      | Found a snail-covered altar of Cheibriados.
  3200 | D:5      | Became a worshipper of Cheibriados the Contemplative
  3643 | D:5      | Reached skill level 1 in Unarmed Combat
  3649 | D:5      | Reached skill level 2 in Unarmed Combat
  3937 | D:5      | Found an opulent altar of Gozag.
  3937 | D:5      | Found a shadowy altar of Dithmenos.
  3937 | D:5      | Found a bloodstained altar of Trog.
  4158 | D:5      | Reached skill level 3 in Unarmed Combat
  4487 | D:4      | Reached XP level 8. HP: 54/54 MP: 8/8
  4711 | D:4      | Reached skill level 4 in Unarmed Combat
  4794 | D:4      | Found Qelor's Gadget Shoppe.
  4800 | D:4      | Reached * piety under Cheibriados
  5562 | D:6      | Reached skill level 5 in Unarmed Combat
  5572 | D:6      | Found a glowing drain.
  5581 | D:6      | Reached ** piety under Cheibriados
  5630 | Sewer    | Entered a sewer
  5684 | Sewer    | Noticed Purgy
  5700 | Sewer    | Killed Purgy
  5807 | D:6      | Reached skill level 6 in Unarmed Combat
  5915 | D:6      | Found a staircase to the Ecumenical Temple.
  6412 | D:6      | Reached *** piety under Cheibriados
  6489 | D:6      | Reached skill level 7 in Unarmed Combat
  6589 | D:6      | Reached skill level 5 in Fighting
  6628 | D:6      | Found Gutifiny's Magic Scroll Emporium.
  6680 | D:6      | Reached XP level 9. HP: 61/61 MP: 9/9
  6763 | D:7      | HP: 1/61 [hippogriff (4)]
  7102 | D:7      | Gained mutation: Your skin blends seamlessly with your surroundings (Stealth++). [mutagenic meat]
  7105 | D:7      | Gained mutation: Your spells are a little easier to cast, but a little less powerful. [mutagenic meat]
  7108 | D:7      | Gained mutation: Scrolls take you a little longer to read. [mutagenic meat]
  7295 | D:7      | Reached **** piety under Cheibriados
  7308 | D:7      | Reached skill level 8 in Unarmed Combat
  7686 | D:7      | Reached skill level 1 in Invocations
  8264 | D:8      | Noticed amanita's ghost (novice VSFi)
  8270 | D:8      | Killed amanita's ghost
  8270 | D:8      | Reached XP level 10. HP: 53/71 MP: 10/12
  8572 | D:8      | Reached ***** piety under Cheibriados
  8685 | D:8      | Gained mutation: Your flesh is heat resistant. (rF+) [potion of beneficial mutation]
  8774 | D:8      | Reached skill level 5 in Dodging
  8804 | D:8      | Found a staircase to the Lair.
  8957 | D:8      | Reached skill level 9 in Unarmed Combat
  9310 | D:9      | Reached skill level 1 in Spellcasting
  9734 | D:9      | Found a blossoming altar of Fedhas.
 10050 | D:9      | Found a radiant altar of Vehumet.
 10050 | D:9      | Found a shimmering altar of Xom.
 10051 | D:9      | Found a deep blue altar of Sif Muna.
 10070 | D:10     | Entered Level 10 of the Dungeon
 10076 | D:10     | Got a transparent trident
 10077 | D:10     | Identified the +9 trident of Sifog {pierce, rN+ Str+3 Int-2 Dex+3} (You found it on level 10 of the Dungeon)
 10135 | D:10     | Reached skill level 5 in Invocations
 10263 | D:10     | Noticed a hill giant
 10269 | D:10     | Slain by a hill giant

Vault maps used:
D:1:      dpeg_arrival_caged_fury
D:2:      uniq_natasha
D:3:      first_bread
D:4:      serial_shops, nicolae_shop_crystal
D:5:      gammafunk_temple_overflow_claw, serial_co_window_serial,
          co_window_of_opportunity_a, co_window_corner_a, co_window_corner_a,
          co_window_of_opportunity_a, co_window_of_opportunity_a,
          co_window_2corner, co_window_2corner, co_window_corner_ca,
          co_window_broadway_a, co_window_4corner_a, cheibriados_altar_1
D:6:      gup_sewer_entry_pipe, serial_shops, shop, minivault_22,
          minmay_guarded_unrand_vampires_tooth
D:8:      grunt_lair_entry_orc_guard_hut
D:9:      nicolae_overflow_hidden_temple
D:10:     uniq_fannar
Sewer:    sewer_the_crocodile

Skill      XL: |  1  2  3  4  5  6  7  8  9 10 |
---------------+-------------------------------+-----
Short Blades   | 3 4 5 |  5.2
Dodging        | 2 3 4 5 |  5.6
Stealth        | 6 7 |  7.1
Fighting       | 3 4 5 7 |  7.9
Unarmed Combat | 3 7 8 9 |  9.3
Invocations    | 3 5 |  5.1
Spellcasting   | 2 |  2.5
Throwing       | |  2.2

Action                   |  1- 3 |  4- 6 |  7- 9 | 10-12 || total
-------------------------+-------+-------+-------+-------++-------
Melee: Dagger            |    39 |     3 |   171 |       ||   213
       Constrict         |     7 |    24 |    66 |    28 ||   125
       Tentacles         |     7 |    16 |   106 |    37 ||   166
       Short sword       |       |   110 |   141 |       ||   251
       Unarmed           |       |       |    38 |   121 ||   159
       Punch             |       |       |    27 |    15 ||    42
       Trident           |       |       |       |     7 ||     7
 Fire: Blowgun           |       |       |     5 |       ||     5
Throw: Throwing net      |       |       |     4 |       ||     4
Invok: Slouch            |       |       |       |     1 ||     1
  Use: Scroll            |       |       |    11 |    13 ||    24
       Potion            |       |       |     3 |     2 ||     5
 Stab: Sleeping          |     8 |    16 |    30 |     9 ||    63
       Held in net/web   |       |       |     1 |       ||     1
       Distracted        |       |       |     2 |     3 ||     5
  Eat: Chunk             |       |     4 |    18 |     4 ||    26
       Beef jerky        |       |       |     2 |       ||     2
       Royal jelly       |       |       |     1 |       ||     1
Armor: Skin              |     2 |     2 |    43 |     5 ||    52
Dodge: Dodged            |    24 |    42 |   250 |   105 ||   421
